 Dungeon Crawl Stone Soup version 0.27.1-3-gb3d3a73c9e (webtiles) character file.

Game seed: 966426647139510364

9170 horus123 the Thaumaturge (level 11, -9/63 HPs)
             Began as a Deep Elf Conjurer on Oct 30, 2021.
             Was a Priest of Ashenzari.
             Mangled by pkoi's ghost (12 damage)
             ... on level 10 of the Dungeon.
             The game lasted 00:42:45 (10757 turns).

horus123 the Thaumaturge (Deep Elf Conjurer)       Turns: 10757, Time: 00:42:45

Health: -9/63      AC: 17    Str:  4    XL:     11   Next: 19%
Magic:  30/37      EV: 12    Int: 27    God:    Ashenzari [***...]
Gold:   606        SH:  0    Dex: 13    Spells: 4/33 levels left

rFire    . . .     SeeInvis +   D - staff of conjuration (curse) {Alch, Melee}
rCold    . . .     Faith    .   (no shield)
rNeg     . . .     Spirit   .   h - +4 steam dragon scales
rPois    .         Reflect  .   A - +1 hat of the Pangnostic Burden {Alch, Self} (curse)
rElec    .         Harm     .   f - +1 cloak of the Sidereal Augur {Bglg, Range} (curse)
rCorr    .         Rampage  .   p - +0 pair of gloves of Desmomancy {Alch, Bglg} (curse)
Will     +....     Clarity  +   (no boots)
Stlth    ++++......             H - amulet of magic regeneration
HPRegen  0.20/turn              l - ring "Fetters of Ashenzari" {MP+9, Range, Alch} (curse)
MPRegen  0.50/turn              v - +4 ring of protection

@: brilliant
A: no striking features
a: Renounce Religion, Curse Item, Shatter the Chains


You were on level 10 of the Dungeon.
You worshipped Ashenzari.
Ashenzari was most pleased with you.
You visited 2 branches of the dungeon, and saw 12 of its levels.

You collected 1321 gold pieces.
You spent 715 gold pieces at shops.

Inventory:

Hand Weapons
 g - a +5 short sword
 q - a +0 shortbow
Missiles
 z - 166 arrows
 I - a throwing net
Armour
 a - a +0 robe
 f - the cursed +1 cloak of the Sidereal Augur (worn) {Bglg, Range}
   (You found it on level 1 of the Dungeon)

   It has a curse which improves the following skills: Beguiling: Conjurations,
   Hexes and Translocations.
   Ranged Combat: Slings, Bows, Crossbows and Throwing.
 h - +4 steam dragon scales (worn)
 p - the cursed +0 pair of gloves of Desmomancy (worn) {Alch, Bglg}
   (You found it on level 3 of the Dungeon)

   It has a curse which improves the following skills: Alchemy: Poison Magic and
   Transmutations.
   Beguiling: Conjurations, Hexes and Translocations.
 A - the cursed +1 hat of the Pangnostic Burden (worn) {Alch, Self}
   (You acquired it on level 8 of the Dungeon)

   It has a curse which improves the following skills: Alchemy: Poison Magic and
   Transmutations.
   Introspection: Fighting and Spellcasting.
Magical Staves
 D - a cursed staff of conjuration (weapon) {Alch, Melee}
Jewellery
 d - a ring of flight
 e - a ring of poison resistance
 l - the cursed ring "Fetters of Ashenzari" (left hand) {MP+9, Range, Alch}
   (You found it on level 2 of the Dungeon)

   [ring of magical power]

   MP:        It affects your magic capacity (+9).
   It has a curse which improves the following skills: Ranged Combat: Slings,
   Bows, Crossbows and Throwing.
   Alchemy:   Poison Magic and Transmutations.
 o - a ring of protection from fire
 r - a ring of protection from cold
 s - an amulet of reflection
 v - a +4 ring of protection (right hand)
 B - a ring of protection from fire
 G - a ring of positive energy
 H - an amulet of magic regeneration (around neck)
Wands
 i - a wand of flame (32)
 y - a wand of charming (6)
 E - a wand of iceblast (7)
Scrolls
 m - 3 scrolls of fear
 t - 3 scrolls of magic mapping
 u - 5 scrolls of teleportation
Potions
 b - 5 potions of lignification
 c - a potion of degeneration
 k - 4 potions of flight
 n - a potion of invisibility
 w - a potion of haste
 x - a potion of cancellation
 C - 2 potions of magic
 F - a potion of curing


   Skills:
 - Level 3.3(5.0) Fighting
 - Level 5.1(6.9) Staves
 - Level 1.0(2.6) Bows
 - Level 2.4 Dodging
 - Level 9.6 Stealth
 - Level 10.0(11.7) Spellcasting
 + Level 6.9(9.9) Conjurations
 - Level 8.8(11.6) Hexes
 - Level 7.1 Necromancy
 - Level 6.1(10.7) Transmutations
 - Level 4.2 Evocations


You had 4 spell levels left.
You knew the following spells:

 Your Spells              Type           Power      Damage    Failure   Level
a - Magic Dart            Conj           100%       1d8       1%          1
b - Searing Ray           Conj           100%       3d7       1%          2
c - Dazzling Flash        Conj/Hex       100%       N/A       1%          3
d - Fulminant Prism       Conj/Hex       52%        3d23      1%          4
e - Excruciating Wounds   Necr           34%        N/A       5%          5
f - Slow                  Hex            87%        N/A       1%          2
g - Yara's Violent Unrav  Hex/Tmut       42%        3d17      1%          5
h - Orb of Destruction    Conj           51%        9d16      45%         7

Your spell library contained the following spells:

 Spells                   Type           Power      Damage    Failure   Level
 Animate Skeleton         Necr           100%       N/A       1%          1
 Foxfire                  Conj/Fire      100%       2x1d9     1%          1
 Pain                     Necr           100%       1d9       1%          1
 Corpse Rot               Necr/Air       N/A        N/A       1%          2
 Confusing Touch          Hex            87%        N/A       1%          3
 Conjure Flame            Conj/Fire      77%        6-21      1%          3
 Inner Flame              Hex/Fire       63%        N/A       1%          3
 Portal Projectile        Hex/Tloc       100%       N/A       1%          3
 Summon Guardian Golem    Hex/Summ       63%        N/A       1%          3
 Vampiric Draining        Necr           34%        2d10      1%          3
 Animate Dead             Necr           34%        N/A       1%          4
 Leda's Liquefaction      Hex/Erth       31%        N/A       3%          4
 Iskenderun's Mystic Bla  Conj/Tloc      78%        2d16      4%          4
 Gell's Gravitas          Tloc           13%        N/A       10%         3
 Lesser Beckoning         Tloc           13%        N/A       10%         3
 Teleport Other           Tloc           26%        N/A       10%         3
 Call Canine Familiar     Summ           23%        N/A       11%         3
 Agony                    Necr           69%        N/A       5%          5


Dungeon Overview and Level Annotations

Branches:
Dungeon (11/15)            Temple (1/1) D:4            Lair (0/6) D:8
    Orc: D:9-12

Altars:
Ashenzari
Cheibriados
Dithmenos
Elyvilon
Fedhas
Gozag
Hepliaklqana
Kikubaaqudgha
Makhleb
Nemelex Xobeh
Okawaru
Qazlal
Ru
Sif Muna
Trog
Uskayaw
Vehumet
Wu Jian
Xom
Yredelemnul
Zin
The Shining One
Beogh

Shops:
D:5 (   D:9 ?([=   D:10 ?((

Annotations:
D:10 pkoi's ghost, journeyman TrMo


Message History

The searing ray hits the basilisk!
The basilisk is almost dead.
The searing ray hits pkoi's ghost.
Pkoi's ghost is lightly damaged.
The basilisk gazes at you.
You easily resist.
The searing ray hits the basilisk!
You kill the basilisk!
The searing ray hits pkoi's ghost.
Pkoi's ghost is lightly damaged.
The searing ray hits pkoi's ghost!
Pkoi's ghost is lightly damaged.
You finish channeling your searing ray.
Pkoi's ghost hits you!
Casting: Searing Ray (safe; 1% risk of failure)
Confirm with . or Enter, or press ? or * to list all spells.
Aiming: Searing Ray (safe; 1% risk of failure)
Press: ? - help, Shift-Dir - straight line, f - pkoi's ghost
Aim: pkoi's ghost (lightly damaged, 81% to hit)
You feel a surge of power!
The searing ray hits pkoi's ghost!
Pkoi's ghost is moderately damaged. (Press . to maintain the ray.) Pkoi's ghost hits you!!
You feel clever all of a sudden. Pkoi's ghost hits you!
* * * LOW HITPOINT WARNING * * *
You feel better. Pkoi's ghost hits you!
* * * LOW HITPOINT WARNING * * *
Casting: Searing Ray (safe; 1% risk of failure)
Confirm with . or Enter, or press ? or * to list all spells.
Aiming: Searing Ray (safe; 1% risk of failure)
Press: ? - help, Shift-Dir - straight line, f/p - pkoi's ghost
Aim: pkoi's ghost (moderately damaged, 81% to hit)
You feel a strong surge of power!
The searing ray hits pkoi's ghost!
Pkoi's ghost is moderately damaged. (Press . to maintain the ray.) Pkoi's ghost hits you but does no damage.
The searing ray hits pkoi's ghost!
Pkoi's ghost is heavily damaged.
Pkoi's ghost hits you!
You die...

#...............###..# ###....
##................#.######......
##....###......................
#........#...................#
###.......#..................##
###...............#....#####.....
#..........#########...###.......
###..#....##§§§#.###.....).).....
#####..###,§§W@.......##..)....
##.<.# §§#...##....##......
#....#####........#####....
###........#..........###....
###..........#............##...
#......#.......##..............
##.....##......................
#.........................##..
##.####.......................


You could see pkoi's ghost.

Vanquished Creatures
  A centaur warrior (D:10)
  A troll (D:11)
  2 hornets
  Grinder (D:3)
  4 wyverns (D:8)
  10 yaks
  3 basilisks
  Grum (D:10)
  A steam dragon (D:4)
  2 vampire mosquitoes (D:10)
  4 water moccasins (D:8)
  3 orc warriors
  2 sky beasts
  2 necrophages
  2 wolves (D:10)
  3 centaurs
  2 ogres (D:6)
  A kobold brigand (D:5)
  5 bullfrogs
  A gnoll sergeant (D:6)
  A wyvern zombie (D:9)
  5 scorpions
  13 killer bees
  4 howler monkeys
  A bullfrog zombie (D:6)
  2 centaur zombies
  6 orc priests
  A jelly (D:7)
  A gnoll shaman (D:5)
  8 hounds
  8 orc wizards
  2 scorpion zombies (D:5)
  3 iguanas
  A hound skeleton (D:5)
  3 howler monkey zombies
  15 gnolls
  11 adders
  2 shadow imps (D:6)
  2 white imps (D:6)
  2 ufetubi (D:4)
  3 worms
  A dart slug (D:5)
  25 orcs
  4 endoplasms
  3 giant cockroaches
  7 goblins
  6 hobgoblins
  4 jackals (D:3)
  9 kobolds
  4 quokkas
  9 ball pythons
  4 bats
  4 frilled lizards
  8 rats
233 creatures vanquished.

Vanquished Creatures (others)
  3 fulminant prisms
  3 fungi (D:8)
  33 plants
39 creatures vanquished.

Grand Total: 272 creatures vanquished

Notes
Turn   | Place    | Note
-------+----------+-------------------------------------------
     0 | D:1      | horus123 the Deep Elf Conjurer began the quest for the Orb.
     0 | D:1      | Reached XP level 1. HP: 10/10 MP: 6/6
   185 | D:1      | Reached XP level 2. HP: 15/15 MP: 1/8
   286 | D:1      | Learned a level 2 spell: Searing Ray
   304 | D:1      | Reached skill level 5 in Conjurations
   376 | D:1      | Found a faded altar of an unknown god.
   859 | D:2      | Reached XP level 3. HP: 19/19 MP: 6/9
  1066 | D:2      | Learned a level 3 spell: Dazzling Flash
  1791 | D:3      | Reached XP level 4. HP: 14/24 MP: 10/10
  1935 | D:3      | Reached skill level 5 in Stealth
  2237 | D:3      | Noticed Grinder
  2243 | D:3      | Killed Grinder
  2244 | D:3      | Reached skill level 6 in Spellcasting
  2244 | D:3      | Reached XP level 5. HP: 19/28 MP: 3/15
  2244 | D:3      | Reached XP level 6. HP: 22/32 MP: 3/17
  2420 | D:3      | Learned a level 4 spell: Fulminant Prism
  2547 | D:3      | Reached skill level 1 in Hexes
  2932 | D:4      | Noticed a steam dragon
  2939 | D:4      | Killed a steam dragon
  3011 | D:4      | Learned a level 5 spell: Excruciating Wounds
  3033 | D:4      | Reached skill level 5 in Hexes
  3033 | D:4      | Reached XP level 7. HP: 36/36 MP: 16/18
  3084 | D:4      | Found a staircase to the Ecumenical Temple.
  3101 | Temple   | Entered the Ecumenical Temple
  3173 | Temple   | Became a worshipper of Ashenzari the Shackled
  3200 | D:4      | Reached skill level 1 in Necromancy
  3353 | D:4      | Learned a level 2 spell: Slow
  3679 | D:4      | Found a sparkling altar of Nemelex Xobeh.
  3806 | D:5      | Entered Level 5 of the Dungeon
  3817 | D:5      | Reached skill level 5 in Necromancy
  4102 | D:5      | Reached XP level 8. HP: 32/41 MP: 18/19
  4249 | D:5      | Found a sacrificial altar of Ru.
  4557 | D:5      | Found Ubrias's Weapon Shoppe.
  5153 | D:6      | Found a hide-covered altar of Uskayaw.
  5157 | D:6      | Reached * piety under Ashenzari
  5208 | D:6      | Reached XP level 9. HP: 45/45 MP: 20/20
  5687 | D:6      | Learned a level 3 spell: Teleport Other
  6254 | D:7      | Identified a scroll of acquirement
  6261 | D:7      | Acquired horus123's Papyrus of the Harmful Entourage
  6486 | D:7      | Reached skill level 7 in Spellcasting
  6737 | D:7      | Reached skill level 1 in Bows
  6744 | D:7      | Learned a level 5 spell: Yara's Violent Unravelling
  6825 | D:7      | Found an opulent altar of Gozag.
  6997 | D:8      | Reached skill level 1 in Transmutations
  6999 | D:8      | Reached ** piety under Ashenzari
  7174 | D:8      | Reached skill level 5 in Transmutations
  7271 | D:8      | Acquired a +1 hat
  7278 | D:8      | Acquired the Disquisition on Black Rituals
  7280 | D:8      | Acquired 570 gold pieces
  7443 | D:8      | Found a staircase to the Lair.
  7457 | D:8      | Reached XP level 10. HP: 45/50 MP: 23/23
  7722 | D:8      | Found a glowing golden altar of the Shining One.
  7753 | D:8      | Paralysed by a hornet for 3 turns
  7754 | D:8      | Reached skill level 8 in Spellcasting
  7861 | D:8      | Reached skill level 9 in Spellcasting
  8372 | D:9      | Found Pomopt's Magic Scroll Shoppe.
  8379 | D:9      | Reached skill level 10 in Spellcasting
  8381 | D:9      | Bought 2 scrolls of enchant weapon for 210 gold pieces
  8410 | D:9      | Acquired a staff of conjuration
  8422 | D:9      | Learned a level 7 spell: Orb of Destruction
  8515 | D:9      | Reached skill level 1 in Evocations
  8559 | D:9      | Found an ornate altar of the Wu Jian Council.
  8588 | D:9      | Found a hazy altar of Hepliaklqana.
  8622 | D:9      | Found Tososs's Antique Armour Shoppe.
  8643 | D:9      | Bought an ominously black robe for 85 gold pieces
  8643 | D:9      | Identified the +1 robe "Oneny" {rC+ Str-4 Dex+7 SInv
                  | Stlth-} (You bought it in a shop on level 9 of the Dungeon)
  8854 | D:9      | Found a white marble altar of Elyvilon.
  8888 | D:9      | Found Lyorr's Antique Weapon Shoppe.
  8981 | D:9      | Reached *** piety under Ashenzari
  9251 | D:9      | Reached skill level 1 in Staves
  9369 | D:9      | Found Baps's Jewellery Emporium.
  9372 | D:9      | Bought an amulet of magic regeneration for 420 gold pieces
  9527 | D:10     | Entered Level 10 of the Dungeon
  9603 | D:10     | Noticed Grum
  9613 | D:10     | Killed Grum
  9614 | D:10     | Reached skill level 5 in Staves
  9788 | D:10     | Found a runed translucent door.
  9790 | D:10     | Noticed pkoi's ghost (journeyman TrMo)
  9890 | D:10     | Found Jueh's Antique Weapon Shoppe.
  9913 | D:10     | Reached skill level 1 in Fighting
  9917 | D:10     | Reached XP level 11. HP: 57/58 MP: 28/28
  9969 | D:10     | Found a burning altar of Makhleb.
 10058 | D:10     | Found Fuym's Antique Weapon Boutique.
 10141 | D:10     | Found Acui's Magic Scroll Boutique.
 10258 | D:10     | Noticed a centaur warrior
 10266 | D:10     | Killed a centaur warrior
 10755 | D:10     | HP: 3/63 [pkoi's ghost (17)]
 10757 | D:10     | Mangled by pkoi's ghost

Illustrated notes

Levels and vault maps discovered:
D:1:      minmay_arrival_arboretum_small, layout_basic,
          shapermc_ecumenical_altar_ellora
D:2:      layout_loops_ring, guppyfry_early_lair_pool
D:3:      layout_loops_cross, minmay_misc_feat_doors, minmay_fractal_squares_5,
          uniq_grinder
D:4:      minmay_opposing_rooms, layout_rooms, nicolae_overflow_hidden_temple,
          minmay_temple_entry_slanted
D:5:      layout_rooms, nicolae_ru_awakened_eye, serial_shops,
          nicolae_stop_n_shop_2
D:6:      kb_forest_paths, layout_basic, mainiacjoe_overflow_surrounded_room,
          serial_co_window_serial, co_window_cross_1, co_window_paths_b,
          co_window_corner_a, co_window_paths_b, co_window_of_opportunity_a,
          co_window_2corner, co_window_of_opportunity_b, co_window_broadway_a,
          co_window_corner_b, co_window_paths_c, co_window_corner_b,
          glass_columns_c, glass_columns_b
D:7:      layout_rooms, nicolae_gozag_cash_rules_everything_around_me
D:8:      kennysheep_blocky_hall, layout_rooms, mainiacjoe_overflow_chevrons,
          minmay_lair_entry_grove, serial_bayou, serial_bayou_pond_c,
          david_defended_altar_orc
D:9:      layout_gridville, kennysheep_mini, mainiacjoe_overflow_catch_the_wave,
          serial_shops, shop, kennysheep_mini_moat, shop, shop_scrolls
D:10:     layout_cave_pools, bloody_makhleb, serial_shops, shop,
          nicolae_square_shop, nicolae_shop_trees, ebering_ghost_inner_flame,
          chequers_serial_rivers_micro_b, uniq_grum
D:11:     layout_basic, david_orc_5
Temple:   nicolae_temple_god_jail

Skill      XL: |  1  2  3  4  5  6  7  8  9 10 11 |
---------------+----------------------------------+-----
Conjurations   | 5 6 |  6.9
Stealth        | 3 4 5 9 |  9.6
Spellcasting   | 6 7 10 | 10.0
Hexes          | 5 8 |  8.8
Necromancy     | 5 6 7 |  7.1
Bows           | 1 |  1.0
Transmutations | 6 |  6.1
Evocations     | 4 |  4.2
Staves         | 5 |  5.1
Fighting       | 1 3 |  3.3
Dodging        | |  2.4

Action                   |  1- 3 |  4- 6 |  7- 9 | 10-12 || total
-------------------------+-------+-------+-------+-------++-------
Melee: Short sword       |    14 |       |    31 |       ||    45
 Cast: Magic Dart        |    50 |    49 |   120 |    70 ||   289
       Searing Ray       |     2 |     9 |    59 |    51 ||   121
       Fulminant Prism   |       |       |     1 |     2 ||     3
       Yara's Violent Un |       |       |     2 |     2 ||     4
       Slow              |       |       |     2 |     1 ||     3
       Dazzling Flash    |       |       |     1 |     2 ||     3
       Excruciating Woun |       |       |     1 |       ||     1
Invok: Curse Item        |       |       |     3 |     2 ||     5
Evoke: Wand              |       |       |     4 |       ||     4
  Use: Scroll            |     3 |     3 |     8 |     4 ||    18
       Potion            |       |       |     3 |     2 ||     5
 Stab: Sleeping          |     2 |       |       |       ||     2
Armor: Robe              |     2 |     3 |       |       ||     5
       Steam dragon scal |       |       |    42 |    43 ||    85
Dodge: Dodged            |     8 |     5 |    60 |    55 ||   128
Block: Other             |       |       |    16 |    12 ||    28
       Reflection        |       |       |     3 |     2 ||     5
